 Dungeon Crawl Stone Soup version 0.27.1 (webtiles) character file.

Game seed: 18221086593623433643

2839 Descartes the Covert (level 9, -6/43 HPs)
             Began as a Spriggan Delver on Aug 31, 2021.
             Was an Initiate of Dithmenos.
             Mangled by a two-headed ogre (25 damage)
             ... on level 8 of the Dungeon.
             The game lasted 00:16:45 (8264 turns).

Descartes the Covert (Spriggan Delver)              Turns: 8264, Time: 00:16:47

Health: -6/43      AC:  2    Str: 10    XL:     9   Next: 46%
Magic:  16/16      EV: 22    Int: 12    God:    Dithmenos [......]
Gold:   392        SH:  0    Dex: 17    Spells: 2/16 levels left

rFire    x . .     SeeInvis +   a - +7 rapier of Fate {spect, rElec rPois rF- rC++}
rCold    + + +     Faith    .   (shield restricted)
rNeg     . . .     Spirit   .   F - +0 robe {rC+}
rPois    +         Reflect  .   (helmet restricted)
rElec    +         Harm     .   (no cloak)
rCorr    .         Rampage  .   (gloves unavailable)
Will     +....                  (boots unavailable)
Stlth    +++++.....             (no amulet)
HPRegen  0.14/turn              (no ring)
MPRegen  0.15/turn              (no ring)

@: very quick
A: very small, no large weapons, unfitting armour, see invisible, speed 3
a: Renounce Religion


You were on level 8 of the Dungeon.
You worshipped Dithmenos.
Dithmenos was noncommittal.
You visited 2 branches of the dungeon, and saw 9 of its levels.

You collected 392 gold pieces.

Inventory:

Hand Weapons
 a - the +7 rapier of Fate (weapon) {spect, rElec rPois rF- rC++}
   (You found it on level 4 of the Dungeon)

   When its wielder attacks, the weapon's spirit leaps out and strikes again.
   The spirit shares a part of any damage it takes with its wielder.
   rF:        It makes you vulnerable to fire.
   rC:        It greatly protects you from cold.
   rElec:     It insulates you from electricity.
   rPois:     It protects you from poison.
 b - a +0 hunting sling
 E - a +2 whip of freezing
Missiles
 h - 3 throwing nets (quivered)
 i - 42 arrows
 j - 231 stones
 m - 7 curare-tipped darts
 n - 27 sling bullets
 v - 57 bolts
 x - 4 boomerangs
 B - 20 poisoned darts
Armour
 F - a +0 robe of cold resistance (worn)
Wands
 g - a wand of digging (8)
 k - a wand of iceblast (2)
 G - a wand of flame (17)
Scrolls
 c - a scroll of fog
 d - a scroll of magic mapping
 e - a scroll of fear
 p - 3 scrolls of immolation {unknown}
 r - 2 scrolls of holy word {unknown}
 t - a scroll of amnesia
 w - a scroll of blinking
 y - a scroll of enchant weapon
 C - 2 scrolls of noise {unknown}
 D - a scroll of brand weapon {unknown}
Potions
 f - 2 potions of haste
 l - a potion of mutation {unknown}
 o - 2 potions of brilliance
 q - 2 potions of heal wounds
 s - a potion of attraction {unknown}
 u - 2 potions of curing {unknown}
 z - a potion of flight {unknown}
 A - a potion of invisibility {unknown}
 H - a potion of lignification {unknown}


   Skills:
 - Level 2.4 Fighting
 + Level 6.1 Short Blades
 - Level 5.0 Slings
 + Level 7.7 Dodging
 + Level 11.0 Stealth
 + Level 4.4 Spellcasting
 - Level 5.0 Transmutations
 + Level 3.7 Poison Magic
 - Level 5.0 Evocations


You had 2 spell levels left.
You knew the following spells:

 Your Spells              Type           Power      Damage    Failure   Level
a - Ignite Poison         Fire/Tmut/Pois 9%         N/A       19%         3
b - Alistair's Intoxicat  Tmut/Pois      8%         N/A       67%         5
c - Invisibility          Hex            1%         N/A       100%        6

Your spell library contained the following spells:

 Spells                   Type           Power      Damage    Failure   Level
 Animate Skeleton         Necr           4%         N/A       22%         1
 Apportation              Tloc           4%         N/A       22%         1
 Pain                     Necr           8%         1d4       22%         1
 Mephitic Cloud           Conj/Pois/Air  5%         N/A       36%         3
 Vampiric Draining        Necr           1%         2d6       54%         3
 Bolt of Magma            Conj/Fire/Erth 1%         4d4       99%         5


Dungeon Overview and Level Annotations

Branches:
Dungeon (8/15)             Temple (1/1) D:6
   Lair: D:8-11

Altars:
Ashenzari
Cheibriados
Dithmenos
Elyvilon
Gozag
Hepliaklqana
Kikubaaqudgha
Makhleb
Nemelex Xobeh
Okawaru
Qazlal
Ru
Sif Muna
Trog
Uskayaw
Vehumet
Wu Jian
Xom
Yredelemnul
Zin
The Shining One

Shops:
D:4 *   D:5 (   D:7 *


Innate Abilities, Weirdness & Mutations

You are very small and have problems with some larger weapons.
You are too small for most types of armour.
You have supernaturally acute eyesight. (SInv)
You cover ground extremely quickly. (Speed+++)


Message History

Things that are here:
a +0 short sword; a kobold corpse
Things that are here:
a +0 short sword; a kobold corpse
Items here: ))) †.
There is a stone staircase leading down here.
There is a stone staircase leading down here.
j - 231 stones (gained 2)
Things that are here:
a +0 dagger; a +0 short sword You see here a +0 spear.
Things that are here:
a +0 buckler; a +0 scale mail; a +1 antimagic spear Done exploring.
Done exploring.
There is a stone staircase leading down here.
You climb downwards.
Found a scroll labelled VOEHOZAODE, a white potion and 16 poisoned darts.
There is a stone staircase leading up here.
C - 2 scrolls labelled VOEHOZAODE (gained 1)
Found a scroll labelled DACITEABBUU.
H - a white potion
Found a potion of heal wounds.
p - 3 scrolls labelled DACITEABBUU (gained 1)
A two-headed ogre comes into view. It is wielding two +0 giant clubs.
The two-headed ogre shouts in stereo!
You hear a shout! x2
You hear an angry hiss.
An orc comes into view. It is wielding a +0 whip.
The two-headed ogre closely misses you.
The two-headed ogre hits you with a +0 giant club!!
Ouch! That really hurt!
You are too injured to fight recklessly!
You are too injured to fight recklessly!
You hit the two-headed ogre.
The two-headed ogre is lightly wounded.
Your +7 rapier of Fate {spect, rElec rPois rF- rC++} hits the two-headed ogre!
An orc comes into view. It is wielding a +0 hand axe.
The two-headed ogre hits you with a +0 giant club!!
Ouch! That really hurt!
You die...

o.......... ..........
.. .o........ .
#......... #.
#.......## #.##
......... .###...
###O(....# #..(....
#.#@.....# #
#.......##..........
#. ...##.#.....####...
#.##...#.#.###!#.#. #
###...........##.....
#.......####..##.....
#.......####.......###
.......<.#.#.....###
..................##.


You could see a two-headed ogre, 2 orcs and a friendly +7 rapier of Fate {spect,
rElec rPois rF- rC++} (summoned, wandering).

Vanquished Creatures
  Pikel (D:5)
  A water moccasin (D:7)
  An orc warrior (D:7)
  A black bear (D:5)
  A sky beast (D:7)
  A necrophage (D:6)
  3 ogres
  A centaur (D:6)
  A lemure (D:5)
  2 kobold brigands (D:7)
  2 bullfrogs (D:7)
  3 gnoll sergeants
  2 water moccasin skeletons
  A howler monkey (D:5)
  2 bullfrog zombies
  5 hounds
  An orc priest (D:5)
  A centaur skeleton (D:6)
  4 jellies
  A bullfrog skeleton (D:6)
  A gnoll shaman (D:7)
  Ijyb (D:5)
  3 iguanas
  6 orc wizards
  2 howler monkey skeletons
  5 adders
  12 gnolls
  2 white imps (D:6)
  2 ufetubi (D:5)
  An adder zombie (D:4)
  An adder skeleton (D:4)
  2 worms (D:2)
  7 dart slugs
  13 orcs
  3 ball pythons
  3 bats (D:1)
  14 endoplasms
  3 giant cockroaches
  4 goblins
  5 hobgoblins
  5 quokkas
  4 frilled lizards
  12 kobolds
  6 rats
152 creatures vanquished.

Notes
Turn   | Place    | Note
-------+----------+-------------------------------------------
     0 | D:5      | Descartes the Spriggan Delver began the quest for the Orb.
     0 | D:5      | Reached XP level 1. HP: 11/11 MP: 2/2
    68 | D:4      | Noticed a gnoll sergeant
   457 | D:4      | Noticed an orc wizard
   875 | D:4      | Reached skill level 8 in Stealth
   875 | D:4      | Reached XP level 2. HP: 6/16 MP: 3/3
   875 | D:4      | Reached XP level 3. HP: 7/19 MP: 4/4
  1253 | D:4      | Reached XP level 4. HP: 21/23 MP: 5/5
  1314 | D:4      | Identified the +7 rapier of Fate {spect, rElec rPois rF-
                  | rC++}
  1414 | D:3      | Reached skill level 1 in Slings
  1481 | D:3      | Found a sparkling altar of Nemelex Xobeh.
  1625 | D:2      | Found a snail-covered altar of Cheibriados.
  1749 | D:1      | Reached XP level 5. HP: 27/27 MP: 6/6
  2099 | D:1      | Learned a level 3 spell: Ignite Poison
  2303 | D:2      | You fall into a shaft and drop 1 floor!
  3135 | D:2      | Found a faded altar of an unknown god.
  3363 | D:4      | Found Amnih's Lightly-Used Armoury.
  3463 | D:4      | Reached skill level 5 in Dodging
  3463 | D:4      | Reached skill level 1 in Evocations
  3561 | D:4      | Noticed an ogre
  3567 | D:4      | Killed an ogre
  3568 | D:4      | Reached XP level 6. HP: 32/32 MP: 7/7
  3574 | D:4      | Reached skill level 9 in Stealth
  4060 | D:3      | Found an iron altar of Okawaru.
  4060 | D:3      | Found a hide-covered altar of Uskayaw.
  4119 | D:5      | Noticed Ijyb
  4193 | D:4      | Reached XP level 7. HP: 35/35 MP: 8/8
  4233 | D:5      | Killed Ijyb
  4294 | D:5      | Reached skill level 1 in Spellcasting
  4294 | D:5      | Reached skill level 1 in Transmutations
  4376 | D:5      | Reached skill level 1 in Poison Magic
  4606 | D:5      | Noticed Pikel
  4890 | D:5      | Found Woiroz's Weapon Emporium.
  5043 | D:5      | Killed Pikel
  5044 | D:5      | Reached skill level 5 in Short Blades
  5044 | D:5      | Reached skill level 10 in Stealth
  5044 | D:5      | Reached XP level 8. HP: 39/39 MP: 10/13
  5216 | D:6      | Found a staircase to the Ecumenical Temple.
  5228 | Temple   | Entered the Ecumenical Temple
  5930 | D:6      | Reached XP level 9. HP: 43/43 MP: 15/15
  6403 | D:7      | Reached skill level 5 in Slings
  6527 | D:7      | Noticed a two-headed ogre
  6896 | D:7      | Found a bloodstained altar of Trog.
  6908 | D:7      | Reached skill level 5 in Evocations
  7208 | D:7      | Found Usukh's Neck Hole.
  7313 | D:7      | Learned a level 5 spell: Alistair's Intoxication
  7320 | D:7      | Learned a level 6 spell: Invisibility
  7480 | D:7      | Found a glowing golden altar of the Shining One.
  7480 | D:7      | Found an ornate altar of the Wu Jian Council.
  7480 | D:7      | Found a broken altar of Ashenzari.
  7490 | D:7      | Found a shadowy altar of Dithmenos.
  7494 | D:7      | Found an ancient bone altar of Kikubaaqudgha.
  7501 | D:7      | Became a worshipper of Dithmenos the Shadowed
  7564 | D:7      | Reached skill level 5 in Transmutations
  7894 | D:7      | Reached skill level 11 in Stealth
  8261 | D:8      | Noticed a two-headed ogre
  8264 | D:8      | Mangled by a two-headed ogre

Illustrated notes

Levels and vault maps discovered:
D:1:      dpeg_arrival_simpleton_a, layout_basic
D:2:      layout_basic, basic_altar, shapermc_ecumenical_altar_starsandcircs
D:3:      layout_basic, nemelex_diamond_rough_becter,
          nicolae_overflow_hidden_temple, st_stairs_8
D:4:      kennysheep_spiral_hall, layout_basic, minmay_shop_damaged
D:5:      layout_rooms, serial_shops, shop, uniq_pikel, uniq_ijyb
D:6:      layout_basic, minmay_temple_entry_sparse_star
D:7:      layout_loops_ring, mainiacjoe_overflow_cross_hatched,
          minmay_overflow_temple_star_hex, nicolae_shop_sticking_my_neck_out
D:8:      layout_cave_pools, fedhas_altar_4, serial_shops, nicolae_stop_n_shop_1
Temple:   nicolae_temple_no_exploring_needed

Skill      XL: |  1  2  3  4  5  6  7  8  9 |
---------------+----------------------------+-----
Short Blades   | 3 4 5 6 |  6.1
Dodging        | 3 4 5 6 7 |  7.7
Stealth        | 8 9 10 11 | 11.0
Slings         | 1 2 3 4 5 |  5.0
Evocations     | 1 2 4 5 |  5.0
Spellcasting   | 2 3 4 |  4.4
Transmutations | 3 4 5 |  5.0
Poison Magic   | 2 3 |  3.7
Fighting       | |  2.4

Action                   |  1- 3 |  4- 6 |  7- 9 || total
-------------------------+-------+-------+-------++-------
Melee: Short sword       |    24 |     1 |       ||    25
       Rapier            |       |    98 |   161 ||   259
  Use: Scroll            |       |       |     7 ||     7
       Potion            |       |       |     1 ||     1
 Stab: Sleeping          |     4 |    32 |     8 ||    44
       Distracted        |       |     2 |     1 ||     3
Armor: Robe              |       |     2 |     4 ||     6
Dodge: Dodged            |    16 |    30 |   113 ||   159
